Workbook
Name AbaDeprec: #REF!
Name AbaDeprec: #REF!
Name AbaDeprec: #REF!
Name AbaRemun: #REF!
Name AbaRemun: #REF!
Name AbaRemun: #REF!
Name Escavadeira: #REF!
Name Escavadeira: #REF!
Name número: #REF!
Name número: #REF!
Name número: #REF!
Name OLE_LINK1: transbordo!$J$33
Name x: #REF!
Name x: #REF!
Name x: #REF!

Sheet transbordo
A1: PLANILHA DE COMPOSIÇÃO DE CUSTOS E FORMAÇÃO DE PREÇO
A2: GRUPO A - Identificação
A3: 1- Operação de transbordo na usina - Retroescavadeira
A4: Nº do processo:2025-8697 | C4: Nº Licitação: | F4: Data: | G4: 46059
A6: GRUPO B - Orçamento Sintético
A7: Formas de Tributação | C7: LUCRO REAL | E7: LUCRO PRESUMIDO | G7: SIMPLES NAC.
A8: Descrição do Item | C8: Custo (R$/mês) | D8: AV % | E8: Custo (R$/mês) | F8: AV % | G8: Custo (R$/mês) | H8: AV %
A9: =A66 -> 1. Mão-de-obra | C9: =+G198 -> 49493.136 | D9: =IFERROR(C9/$C$29,0) -> 0.36838034 | E9: =C9 -> 49493.136 | F9: =IFERROR(E9/$E$29,0) -> 0.39187833 | G9: =G199 -> 42451.735 | H9: =IFERROR(G9/$G$29,0) -> 0.33422627
A10: 1.1. Operador | C10: =G79 -> 6513.2266 | D10: =IFERROR(C10/$C$29,0) -> 0.048478331 | E10: =C10 -> 6513.2266 | F10: =IFERROR(E10/$E$29,0) -> 0.051570634 | G10: =G84 -> 5022.7547 | H10: =IFERROR(G10/$G$29,0) -> 0.039544593
A11: 1.2 Auxiliar de Serviços Gerais | C11: =G97 -> 9266.7657 | D11: =IFERROR(C11/$C$29,0) -> 0.068973086 | E11: =C11 -> 9266.7657 | F11: =IFERROR(E11/$E$29,0) -> 0.073372694 | G11: =G102 -> 7146.1802 | H11: =IFERROR(G11/$G$29,0) -> 0.05626251
A12: 1.3 e 1.4 Vigilante | C12: =G117+G141 -> 19089.795 | D12: =IFERROR(C12/$C$29,0) -> 0.14208647 | E12: =C12 -> 19089.795 | F12: =IFERROR(E12/$E$29,0) -> 0.15114979 | G12: =G124+G148 -> 17854.898 | H12: =IFERROR(G12/$G$29,0) -> 0.14057319
A13: 1.5 Encarregado de Operações | C13: =G163 -> 9593.9028 | D13: =IFERROR(C13/$C$29,0) -> 0.071407987 | E13: =C13 -> 9593.9028 | F13: =IFERROR(E13/$E$29,0) -> 0.075962911 | G13: =G168 -> 7398.456 | H13: =IFERROR(G13/$G$29,0) -> 0.0582487
A14: 1.6 Vale transporte | C14: =G178 -> 1223.7348 | D14: =IFERROR(C14/$C$29,0) -> 0.0091083305 | E14: =C14 -> 1223.7348 | F14: =IFERROR(E14/$E$29,0) -> 0.0096893266 | G14: =E14 -> 1223.7348 | H14: =IFERROR(G14/$G$29,0) -> 0.0096345725
A15: 1.7 Vale refeição | C15: =G190 -> 3637.481 | D15: =IFERROR(C15/$C$29,0) -> 0.027073986 | E15: =C15 -> 3637.481 | F15: =IFERROR(E15/$E$29,0) -> 0.028800963 | G15: =E15 -> 3637.481 | H15: =IFERROR(G15/$G$29,0) -> 0.02863821
A16: 1.8 Seguro de vida e outros | C16: =G196 -> 168.23 | D16: =IFERROR(C16/$C$29,0) -> 0.0012521458 | E16: =C16 -> 168.23 | F16: =IFERROR(E16/$E$29,0) -> 0.0013320169 | G16: =E16 -> 168.23 | H16: =IFERROR(G16/$G$29,0) -> 0.0013244897
A17: =A202 -> 2. Equipamentos | C17: =+G312 -> 39984.375 | D17: =IFERROR(C17/$C$29,0) -> 0.29760607 | E17: =C17 -> 39984.375 | F17: =IFERROR(E17/$E$29,0) -> 0.31658956 | G17: =E17 -> 39984.375 | H17: =IFERROR(G17/$G$29,0) -> 0.31480053
A18: =A203 -> 2.1. Depreciação | C18: =G231 -> 4100.833 | D18: =IFERROR(C18/$C$29,0) -> 0.030522743 | E18: =C18 -> 4100.833 | F18: =IFERROR(E18/$E$29,0) -> 0.032469707 | G18: =E18 -> 4100.833 | H18: =IFERROR(G18/$G$29,0) -> 0.032286221
A19: =A232 -> 2.2. Remuneração do Capital | C19: =G269 -> 4806.9582 | D19: =IFERROR(C19/$C$29,0) -> 0.035778475 | E19: =C19 -> 4806.9582 | F19: =IFERROR(E19/$E$29,0) -> 0.038060688 | G19: =E19 -> 4806.9582 | H19: =IFERROR(G19/$G$29,0) -> 0.037845608
A20: =A270 -> 2.3. Consumos retroescavadeira | C20: =G291 -> 23214.464 | D20: =IFERROR(C20/$C$29,0) -> 0.17278663 | E20: =C20 -> 23214.464 | F20: =IFERROR(E20/$E$29,0) -> 0.18380823 | G20: =E20 -> 23214.464 | H20: =IFERROR(G20/$G$29,0) -> 0.18276953
A21: =A293 -> 2.4. Manutenção | C21: =G302 -> 7508.3333 | D21: =IFERROR(C21/$C$29,0) -> 0.055884969 | E21: =C21 -> 7508.3333 | F21: =IFERROR(E21/$E$29,0) -> 0.059449722 | G21: =E21 -> 7508.3333 | H21: =IFERROR(G21/$G$29,0) -> 0.059113774
A22: =A304 -> 2.5. Pneus - | C22: =G309 -> 353.78637 | D22: =IFERROR(C22/$C$29,0) -> 0.0026332529 | E22: =C22 -> 353.78637 | F22: =IFERROR(E22/$E$29,0) -> 0.002801221 | G22: =E22 -> 353.78637 | H22: =IFERROR(G22/$G$29,0) -> 0.0027853914
A23: =A314 -> 3. Uniformes e Epis | C23: =G334+G362+G381 -> 6692.3533 | D23: =IFERROR(C23/$C$29,0) -> 0.049811582 | E23: =C23 -> 6692.3533 | F23: =IFERROR(E23/$E$29,0) -> 0.052988929 | G23: =E23 -> 6692.3533 | H23: =IFERROR(G23/$G$29,0) -> 0.052689491
A24: 4- Ferramentas e Materias de Consumo | C24: =G400 -> 208.1725 | D24: =IFERROR(C24/$C$29,0) -> 0.0015494402 | E24: =C24 -> 208.1725 | F24: =IFERROR(E24/$E$29,0) -> 0.0016482749 | G24: =E24 -> 208.1725 | H24: =IFERROR(G24/$G$29,0) -> 0.0016389605
A25: 5- Serviços de video monitoramento e demais serviços | C25: =G410 -> 4450 | D25: =IFERROR(C25/$C$29,0) -> 0.033121613 | E25: =C25 -> 4450 | F25: =IFERROR(E25/$E$29,0) -> 0.035234352 | G25: =E25 -> 4450 | H25: =IFERROR(G25/$G$29,0) -> 0.035035244
A26: =A416 -> 4. BENEFÍCIOS E DESPESAS INDIRETAS - BDI - LUCRO REAL | C26: =+G420 -> 33525.322 | D26: =IFERROR(C26/$C$29,0) -> 0.24953096
A27: =A428 -> 5. BENEFÍCIOS E DESPESAS INDIRETAS - BDI - LUCRO PRESUMIDO | E27: =G432 -> 25469.162 | F27: =IFERROR(E27/$E$29,0) -> 0.20166055
A28: =A440 -> 6. BENEFÍCIOS E DESPESAS INDIRETAS - BDI + IMPOSTOS - S.N. | G28: =G444+G454 -> 33228.32 | H28: =IFERROR(G28/$G$29,0) -> 0.26160951
A29: PREÇO TOTAL MÊS (R$/Mês) | C29: =C9+C17+C23+C26+C24+C25 -> 134353.36 | D29: =D9+D17+D23+D26+D24+D25 -> 1 | E29: =E9+E17+E23+E27+E24+E25 -> 126297.2 | F29: =F9+F17+F23+F27+F24+F25 -> 1 | G29: =G9+G17+G23+G28+G24+G25 -> 127014.96 | H29: =H9+H17+H23+H28+H24+H25 -> 1
A30: PREÇO POR HORA (R$/Hora) | C30: =G426 -> 645.92961 | E30: =G438 -> 607.19807 | G30: =G460 -> 610.64883
A31: PREÇO POR TONELADA (R$/TONELADA) - 1250 toneladas mÊs | C31: =C29/1250 -> 107.48269 | E31: =E29/1250 -> 101.03776 | G31: =G29/1250 -> 101.61196
A33: GRUPO C - Informações sobre
A34: C1- Mão-de-obra | E34: CBO | F34: Quantidade | G34: R$ / mês
A35: Operador Retro Escavadeira - 44 horas semanais | C35: Sind.construção | F35: 1 | G35: 2482.3
A36: Auxiliar de serviços gerais - 44 horas semanais | C36: Sindiasseio | E36: 5143 | F36: 2 | G36: 1765.86
A37: Porteiro | B37: escala 12 x 36 | C37: Sind. Segurança | E37: 5174-10 | F37: 4 | G37: 1667.6
A38: Encarregado de Operações - 44 horas semanais mais sobreaviso | C38: Sindiasseio | F38: 1 | G38: 3000
A39: Total de mão-de-obra
A41: C2- Horas trabalhadas | F41: Dias | G41: Horas
A42: Número médio de dias trabalhadas por mês - segundas a sábados | F42: 26
A43: Número médio de horas trabalhadas por dia | G43: 8
A44: Número de Horas Extras referente feriados | G44: 8
A45: Número médio de horas trabalhadas por mês | G45: =G43*F42 -> 208
A47: C3 - Equipamento | F47: Quantidade | G47: R$ / mês
A48: Retroescavadeira descrita do projeto básico | F48: 1 | G48: 483950
A49: Roçadeira | F49: 1 | G49: 3967
A50: Aparelho de ar condicionado 12 000 BTUS | F50: 1 | G50: 1779
A51: Refrigerador até 300 litros | F51: 1 | G51: 1519
A52: Fogão a gás 4 bocas | F52: 1 | G52: 620
A53: Cafeteira 15 xícaras | F53: 1 | G53: 128
A54: Computador Destok modelo básico | F54: 1 | G54: 7175
A55: Armário alto de duas portas - 805 mm x 425 mm x 1600 mm | F55: 1 | G55: 999
A56: Mesas para o refeitório | F56: 5 | G56: =5*425 -> 2125
A57: Cadeiras para o Refeitório | F57: 25 | G57: =25*220 -> 5500
A59: Total de equipamento | G59: =SUM(G48:G57) -> 507762
A61: C4- Fatores | C61: % | D61: Aplicação
A62: Quantidade de toneldas de resíduos movimentados mês | D62: toneladas | E62: 1250
A63: Fator de utilização (FU) | C63: 1 | D63: Mao de obra, equipamentos
A65: GRUPO D - Cálculos
A66: 1. Mão-de-obra
A67: 1.1. Operador de máquina retro escavadeira - EMPRESA LUCRO REAL E PRESUMIDO
A68: Discriminação | C68: Unidade | D68: Quantidade | E68: Custo unitário | F68: Subtotal | G68: Total (R$) | H68: Vlr hora
A69: Piso da categoria | C69: mês | D69: 1 | E69: =G35 -> 2482.3 | F69: =D69*E69 -> 2482.3
A70: Piso salarial | C70: mês | E70: 1621
A71: Horas Extras (100%) feriados | C71: horas | D71: 8 | E71: =F69/220*2 -> 22.566364 | F71: =E71*D71 -> 180.53091
A72: Descanso Semanal Remunerado (DSR) - horas extras | C72: R$ | E72: =(64/301*(F71)) -> 38.38531 | F72: =E72 -> 38.38531
A73: Base de cálculo da Insalubridade | D73: 2
A74: Adicional de Insalubridade | C74: % | D74: 40 | E74: =IF(D73=2,E69,E70)+F71+F72 -> 2701.2162 | F74: =(D74/100)*E74 -> 1080.4865
A75: Soma | F75: =SUM(F69:F74) -> 3781.7027
A76: Encargos Sociais | C76: % | D76: ='Enc. Soc. - LR-LP e SN'!C$32*100 -> 72.23 | E76: =F75 -> 3781.7027 | F76: =E76*D76/100 -> 2731.5239
A77: Total por Operador | F77: =F75+F76 -> 6513.2266
A78: Total do Efetivo | C78: homem | D78: =F35 -> 1 | E78: =F77 -> 6513.2266 | F78: =D78*E78 -> 6513.2266
E79: Fator de utilização | F79: =$C$63 -> 1 | G79: =F78*F79 -> 6513.2266 | H79: =G79/G$45 -> 31.313589
A80: 1.1.1- Operador - EMPRESA SIMPLES NACIONAL
A81: Encargos Sociais | C81: % | D81: ='Enc. Soc. - LR-LP e SN'!C$42*100 -> 32.81728 | E81: =F75 -> 3781.7027 | F81: =E81*D81/100 -> 1241.052
A82: Total por Operador | F82: =E81+F81 -> 5022.7547
A83: Total do Efetivo | C83: homem | D83: =D78 -> 1 | E83: =F82 -> 5022.7547 | F83: =D83*E83 -> 5022.7547
E84: Fator de utilização | F84: =$C$63 -> 1 | G84: =F83*F84 -> 5022.7547 | H84: =G84/G$45 -> 24.147859
A85: 1.2. Auxiliar de serviços gerias - EMPRESA LUCRO REAL E PRESUMIDO
A86: Discriminação | C86: Unidade | D86: Quantidade | E86: Custo unitário | F86: Subtotal | G86: Total (R$) | H86: Vlr hora
A87: Piso da categoria | C87: mês | D87: 1 | E87: =G36 -> 1765.86 | F87: =D87*E87 -> 1765.86
A88: Piso salarial | C88: mês | E88: 1621
A89: Horas Extras (100%) feriados | C89: horas | D89: 8 | E89: =E87/220*2 -> 16.053273 | F89: =E89*D89 -> 128.42618
A90: Descanso Semanal Remunerado (DSR) - horas extras | C90: R$ | E90: =(64/301*(F89)) -> 27.306564 | F90: =E90 -> 27.306564
A91: Base de cálculo da Insalubridade | D91: 2
A92: Adicional de Insalubridade | C92: % | D92: 40 | E92: =IF(D91=2,E87,E88)+F89+F90 -> 1921.5927 | F92: =(D92/100)*E92 -> 768.6371
A93: Soma | F93: =SUM(F87:F92) -> 2690.2298
A94: Encargos Sociais | C94: % | D94: ='Enc. Soc. - LR-LP e SN'!C$32*100 -> 72.23 | E94: =F93 -> 2690.2298 | F94: =E94*D94/100 -> 1943.153
A95: Total por Auxiliar | F95: =F93+F94 -> 4633.3829
A96: Total do Efetivo | C96: homem | D96: =F36 -> 2 | E96: =F95 -> 4633.3829 | F96: =D96*E96 -> 9266.7657
E97: Fator de utilização | F97: =$C$63 -> 1 | G97: =F96*F97 -> 9266.7657 | H97: =G97/G$45 -> 44.551758
A98: 1.2.1- Auxiliar de serviços gerias - EMPRESA SIMPLES NACIONAL
A99: Encargos Sociais | C99: % | D99: ='Enc. Soc. - LR-LP e SN'!C$42*100 -> 32.81728 | E99: =F93 -> 2690.2298 | F99: =E99*D99/100 -> 882.86026
A100: Total por Auxiliar | F100: =E99+F99 -> 3573.0901
A101: Total do Efetivo | C101: homem | D101: =D96 -> 2 | E101: =F100 -> 3573.0901 | F101: =D101*E101 -> 7146.1802
E102: Fator de utilização | F102: =$C$63 -> 1 | G102: =F101*F102 -> 7146.1802 | H102: =G102/G$45 -> 34.356636
A104: 1.3. Porteiro - EMPRESA LUCRO REAL E PRESUMIDO - DIURNO
A105: Discriminação | C105: Unidade | D105: Quantidade | E105: Custo unitário | F105: Subtotal | G105: Total (R$) | H105: Vlr hora
A106: Piso da categoria | C106: mês | D106: 1 | E106: =G37 -> 1667.6 | F106: =D106*E106 -> 1667.6 | G106: 220 hs
A107: Horas Extras (100%) | C107: hora | E107: =E106/220*2 -> 15.16 | F107: =D107*E107 -> 0
A108: Horas Extras Suplementar (50%) | C108: hora | D108: 2.5 | E108: =E106/220*1.5 -> 11.37 | F108: =D108*E108 -> 28.425
...

Sheet Feriados
A1: FERIADOS NACIONAIS, ESTADUAIS E MUNICIPAIS
A2: Nacionais / Estaduais | B2: =SUM(B3:B14) -> 12
A3: 01/01 - Confraternização Universal | B3: 1
A4: 21/04 - Tiradentes | B4: 1
A5: 01/05 - Dia do Trabalho | B5: 1
A6: Variável - Sexta feira Santa | B6: 1
A7: Variável - Corpus Cristhi | B7: 1
A8: 07/09 - Independência do Brasil | B8: 1
A9: 20/09 - Revolução Farroupilha | B9: 1
A10: 12/10 - Nossa Senhora Aparecida | B10: 1
A11: 02/11 - Finados | B11: 1
A12: 15/11 - Proclamação da República | B12: 1
A13: 20/11 - Dia da consciência negra | B13: 1
A14: 25/12 - Natal | B14: 1
A15: Municipais | B15: =B16+B17 -> 2
A16: 20/01 - São Sebastião Mártir | B16: 1
A17: 25/07 - Dia do Colono e Motorista | B17: 1
A18: Sub-Total | B18: =B2+B15 -> 14
A19: Coincidências com domingos (média) | B19: 1
A20: Total feriados a considerar | B20: =B18-B19 -> 13

Sheet lavagem de uniformes
A1: CUSTO COM LAVAGEM UNIFORMES
A2: Descrição | B2: Dias uso s/lavar (dias) | C2: Fator de utilização (% ano) | D2: Unid. | E2: Qtde. p/Func. | F2: Qtde. Lavagens mês | G2: Total pçs. Lavadas mês | H2: Peso Gramas p/pç | I2: Peso mensal Kg | J2: Custo Mensal
A3: Camisetas | B3: 1 | C3: =12/12 -> 1 | D3: pç | E3: 20 | F3: =21/(E3*B3) -> 1.05 | G3: =E3*F3*C3 -> 21 | H3: 150 | I3: =(G3*H3)/1000 -> 3.15 | J3: =I3*B$9 -> 37.8
A4: Calça | B4: 1 | C4: =12/12 -> 1 | D4: pç | E4: 10 | F4: =21/(E4*B4) -> 2.1 | G4: =E4*F4*C4 -> 21 | H4: 500 | I4: =(G4*H4)/1000 -> 10.5 | J4: =I4*B$9 -> 126
A5: Boné | B5: 6 | C5: =12/12 -> 1 | D5: pç | E5: 4 | F5: =21/(E5*B5) -> 0.875 | G5: =E5*F5*C5 -> 3.5 | H5: 30 | I5: =(G5*H5)/1000 -> 0.105 | J5: =I5*B$9 -> 1.26
A6: Jaqueta (usa cinco meses) | B6: 3 | C6: =5/12 -> 0.41666667 | D6: pç | E6: 4 | F6: =21/(E6*B6) -> 1.75 | G6: =E6*F6*C6 -> 2.9166667 | H6: 400 | I6: =(G6*H6)/1000 -> 1.1666667 | J6: =I6*B$9 -> 14
I7: =SUM(I3:I6) -> 14.921667 | J7: =SUM(J3:J6) -> 179.06
A9: Preço da lavagem por Kg | B9: 12

Sheet Depreciação
A1: Depreciação Referencial TCE/RS (%)
A2: Idade do veículo (ano) | B2: Depreciação Média | C2: Residual
A3: 1 | B3: 33.63 | C3: =100-B3 -> 66.37
A4: 2 | B4: 43.13 | C4: =100-B4 -> 56.87
A5: 3 | B5: 48.68 | C5: =100-B5 -> 51.32
A6: 4 | B6: 52.62 | C6: =100-B6 -> 47.38 | D6: bens de informática
A7: 5 | B7: 55.68 | C7: =100-B7 -> 44.32
A8: 6 | B8: 58.18 | C8: =100-B8 -> 41.82 | D8: máquinas , equipamentos , aparelhos e ferramentas
A9: 7 | B9: 60.29 | C9: =100-B9 -> 39.71
A10: 8 | B10: 62.12 | C10: =100-B10 -> 37.88
A11: 9 | B11: 63.73 | C11: =100-B11 -> 36.27
A12: 10 | B12: 65.18 | C12: =100-B12 -> 34.82 | D12: móveis e utensílios
A13: 11 | B13: 66.48 | C13: =100-B13 -> 33.52
A14: 12 | B14: 67.67 | C14: =100-B14 -> 32.33
A15: 13 | B15: 68.77 | C15: =100-B15 -> 31.23
A16: 14 | B16: 69.79 | C16: =100-B16 -> 30.21
A17: 15 | B17: 70.73 | C17: =100-B17 -> 29.27

Sheet L8.2
A1: PLANILHA DE COMPOSIÇÃO DE CUSTOS E FORMAÇÃO DE PREÇO
A2: GRUPO A - Identificação
A3: Nº do processo: | C3: Nº Licitação: | F3: Data:
A4: Lote: | B4: 8 | C4: Item: | D4: 2 | E4: Serviço de Transporte Escolar
A6: GRUPO B - Orçamento Sintético
A7: Formas de Tributação | C7: LUCRO REAL | E7: LUCRO PRESUMIDO | G7: SIMPLES NAC.
A8: Descrição do Item | C8: Custo (R$/mês) | D8: AV % | E8: Custo (R$/mês) | F8: AV % | G8: Custo (R$/mês) | H8: AV %
A9: =A49 -> 1. Mão-de-obra | C9: =+G94 -> 3097.1647 | D9: =IFERROR(C9/$C$25,0) -> 0.36884092 | E9: =G94 -> 3097.1647 | F9: =IFERROR(E9/$E$25,0) -> 0.39236829 | G9: =G95 -> 2510.3093 | H9: =IFERROR(G9/$G$25,0) -> 0
A10: 1.1. Monitor | C10: =G57 -> 1002.3786 | D10: =IFERROR(C10/$C$25,0) -> 0.11937313 | E10: =C10 -> 1002.3786 | F10: =IFERROR(E10/$E$25,0) -> 0.12698762 | G10: =G63 -> 772.99657 | H10: =IFERROR(G10/$G$25,0) -> 0
A11: 1.2. Motorista | C11: =G72 -> 1562.1261 | D11: =IFERROR(C11/$C$25,0) -> 0.18603338 | E11: =C11 -> 1562.1261 | F11: =IFERROR(E11/$E$25,0) -> 0.19789995 | G11: =G78 -> 1204.6527 | H11: =IFERROR(G11/$G$25,0) -> 0
A12: =A80 -> 1.3. Vale Transporte | C12: =G86 -> 92.66 | D12: =IFERROR(C12/$C$25,0) -> 0.011034867 | E12: =C12 -> 92.66 | F12: =IFERROR(E12/$E$25,0) -> 0.011738751 | G12: =E12 -> 92.66 | H12: =IFERROR(G12/$G$25,0) -> 0
A13: =A88 -> 1.4. Vale-refeição (diário) | C13: =G92 -> 440 | D13: =IFERROR(C13/$C$25,0) -> 0.052399539 | E13: =C13 -> 440 | F13: =IFERROR(E13/$E$25,0) -> 0.055741966 | G13: =E13 -> 440 | H13: =IFERROR(G13/$G$25,0) -> 0
A14: =A97 -> 2. Veículos | C14: =+G158 -> 3117.5808 | D14: =IFERROR(C14/$C$25,0) -> 0.37127227 | E14: =C14 -> 3117.5808 | F14: =IFERROR(E14/$E$25,0) -> 0.39495473 | G14: =E14 -> 3117.5808 | H14: =IFERROR(G14/$G$25,0) -> 0
A15: =A98 -> 2.1 Depreciação | C15: =G105 -> 990 | D15: =IFERROR(C15/$C$25,0) -> 0.11789896 | E15: =C15 -> 990 | F15: =IFERROR(E15/$E$25,0) -> 0.12541942 | G15: =E15 -> 990 | H15: =IFERROR(G15/$G$25,0) -> 0
A16: =A106 -> 2.2 Remuneração do Capital | C16: =G116 -> 125.4 | D16: =IFERROR(C16/$C$25,0) -> 0.014933869 | E16: =C16 -> 125.4 | F16: =IFERROR(E16/$E$25,0) -> 0.01588646 | G16: =E16 -> 125.4 | H16: =IFERROR(G16/$G$25,0) -> 0
A17: =A118 -> 2.3. Impostos e Seguros | C17: =G127 -> 219.64375 | D17: =IFERROR(C17/$C$25,0) -> 0.026157344 | E17: =C17 -> 219.64375 | F17: =IFERROR(E17/$E$25,0) -> 0.027825851 | G17: =E17 -> 219.64375 | H17: =IFERROR(G17/$G$25,0) -> 0
A18: =A128 -> 2.4. Consumos | C18: =G142 -> 778.49263 | D18: =IFERROR(C18/$C$25,0) -> 0.09271058 | E18: =C18 -> 778.49263 | F18: =IFERROR(E18/$E$25,0) -> 0.09862434 | G18: =E18 -> 778.49263 | H18: =IFERROR(G18/$G$25,0) -> 0
A19: =A144 -> 2.5. Manutenção | C19: =G149 -> 930 | D19: =IFERROR(C19/$C$25,0) -> 0.11075357 | E19: =C19 -> 930 | F19: =IFERROR(E19/$E$25,0) -> 0.11781825 | G19: =E19 -> 930 | H19: =IFERROR(G19/$G$25,0) -> 0
A20: =A151 -> 2.6. Pneus | C20: =G156 -> 74.044444 | D20: =IFERROR(C20/$C$25,0) -> 0.0088179427 | E20: =C20 -> 74.044444 | F20: =IFERROR(E20/$E$25,0) -> 0.0093804156 | G20: =E20 -> 74.044444 | H20: =IFERROR(G20/$G$25,0) -> 0
A21: =A160 -> 3. Ferramentas e Materiais de Consumo | C21: =+G170 -> 86.958333 | D21: =IFERROR(C21/$C$25,0) -> 0.010355856 | E21: =C21 -> 86.958333 | F21: =IFERROR(E21/$E$25,0) -> 0.011016428 | G21: =E21 -> 86.958333 | H21: =IFERROR(G21/$G$25,0) -> 0
A22: =A175 -> 4. Benefícios e Desp. Ind. - BDI - LUCRO REAL | C22: =+G181 -> 2095.3165 | D22: =IFERROR(C22/$C$25,0) -> 0.24953096
A23: =A189 -> 5. Benefícios e Desp. Ind. - BDI - LUCRO PRESUMIDO | E23: =G195 -> 1591.8104 | F23: =IFERROR(E23/$E$25,0) -> 0.20166055
A24: =A203 -> 6. Benef. Desp. Ind. + Impostos - SIMPLES NACIONAL | G24: =G207+G220 -> #REF! | H24: =IFERROR(G24/$G$25,0) -> 0
A25: PREÇO TOTAL MÊS (R$/Mês) | C25: =C9+C14+C21+C22 -> 8397.0204 | D25: =D9+D14+D21+D22 -> 1 | E25: =E9+E14+E21+E23 -> 7893.5143 | F25: =F9+F14+F21+F23 -> 1 | G25: =G9+G14+G21+G24 -> #REF! | H25: =H9+H14+H21+H24 -> 0
A26: PREÇO POR QUILOMETRO (R$/Km) | C26: =G187 -> 6.1742797 | E26: =G201 -> 5.8040546 | G26: =G226 -> -
A28: GRUPO C - Informações sobre
A29: C1- Mão-de-obra | F29: Quantidade | G29: R$ / mês
A30: Motorista | F30: 1 | G30: 1814
A31: Monitor | F31: 1 | G31: 1164
A32: Total de mão-de-obra (postos de trabalho) | F32: =SUM(F30:F31) -> 2 | G32: =SUM(G30:G31) -> 2978
A34: C2- Veículos | C34: Vida útil do Veículo | D34: Taxade depreciação | E34: Capacidade (Lugares) | F34: Quantidade | G34: Valor (R$)
A35: Dados do veículo | C35: 5 | D35: =1/C35 -> 0.2 | E35: 15 | F35: 1 | G35: 198000
A36: Consumo médio (Km / litro) e Valor do litro (R$) | F36: 8.5 | G36: 3.7
A37: Velocidade média em função do pavimento (Km/h) | F37: 20
A39: C3- Distâncias | C39: Unidade | E39: Km por dia | F39: Horas p/Dia | G39: Km por mês
A40: Distância percorrida | C40: Km | E40: 68 | F40: =(E40/F37)+C46 -> 4.4 | G40: =E40*E41 -> 1360
A41: Média de dias letivos por mês | C41: Dias | E41: 20
A43: C4- Fatores | C43: % | D43: Aplicação
A44: Fator de utilização (FU) | C44: =F40/8.8 -> 0.5 | D44: Equipe e veículos
A45: Fator de Majoração pelo "Tipo de via" | C45: 0.25 | D45: Conforme tipo de via
A46: Fator de Majoração por "Tempo p/Higienização" | C46: 1 | D46: Horas por dia para higienização do veículo.
A48: CÁLCULOS (itenização numérica)
A49: 1. Mão-de-obra
A50: 1.1. Monitor - EMPRESA LUCRO REAL E PRESUMIDO
A51: Discriminação | C51: Unidade | D51: Quantidade | E51: Custo unitário | F51: Subtotal | G51: Total (R$) | H51: R$/Km
A52: Piso da categoria | C52: mês | D52: 1 | E52: =G31 -> 1164 | F52: =D52*E52 -> 1164
A53: Soma | F53: =SUM(F52:F52) -> 1164
A54: Encargos Sociais | C54: % | D54: ='Enc. Soc. - LR-LP e SN'!C$32*100 -> 72.23 | E54: =F53 -> 1164 | F54: =E54*D54/100 -> 840.7572
A55: Total por Coletor | F55: =F53+F54 -> 2004.7572
A56: Total do Efetivo | C56: homem | D56: =F31 -> 1 | E56: =F55 -> 2004.7572 | F56: =D56*E56 -> 2004.7572
E57: Fator de utilização | F57: =$C$44 -> 0.5 | G57: =F56*F57 -> 1002.3786 | H57: =G57/G$40 -> 0.73704309
A59: 1.1.1- Monitor - EMPRESA SIMPLES NACIONAL
A60: Encargos Sociais | C60: % | D60: ='Enc. Soc. - LR-LP e SN'!C$42*100 -> 32.81728 | E60: =F53 -> 1164 | F60: =E60*D60/100 -> 381.99314
A61: Total por Coletor | F61: =E60+F60 -> 1545.9931
A62: Total do Efetivo | C62: homem | D62: =D56 -> 1 | E62: =F61 -> 1545.9931 | F62: =D62*E62 -> 1545.9931
E63: Fator de utilização | F63: =$C$44 -> 0.5 | G63: =F62*F63 -> 772.99657 | H63: =G63/G$40 -> 0.56837983
A65: 1.2. Motorista - EMPRESA LUCRO REAL E PRESUMIDO
A66: Discriminação | C66: Unidade | D66: Quantidade | E66: Custo unitário | F66: Subtotal | G66: Total (R$) | H66: R$/Km
A67: Piso da categoria | C67: mês | D67: 1 | E67: =G30 -> 1814 | F67: =D67*E67 -> 1814
A68: Soma | F68: =SUM(F67:F67) -> 1814
A69: Encargos Sociais | C69: % | D69: ='Enc. Soc. - LR-LP e SN'!C$32*100 -> 72.23 | E69: =F68 -> 1814 | F69: =E69*D69/100 -> 1310.2522
A70: Total por Motorista | F70: =F68+F69 -> 3124.2522
A71: Total do Efetivo | C71: homem | D71: 1 | E71: =F70 -> 3124.2522 | F71: =D71*E71 -> 3124.2522
E72: Fator de utilização | F72: =$C$44 -> 0.5 | G72: =F71*F72 -> 1562.1261 | H72: =G72/G$40 -> 1.1486221
A74: 1.2.1- Motorista - EMPRESA SIMPLES NACIONAL
A75: Encargos Sociais | C75: % | D75: ='Enc. Soc. - LR-LP e SN'!C$42*100 -> 32.81728 | E75: =F68 -> 1814 | F75: =E75*D75/100 -> 595.30546
A76: Total por Motorista | F76: =E75+F75 -> 2409.3055
A77: Total do Efetivo | C77: homem | D77: =D71 -> 1 | E77: =F76 -> 2409.3055 | F77: =D77*E77 -> 2409.3055
E78: Fator de utilização | F78: =$C$44 -> 0.5 | G78: =F77*F78 -> 1204.6527 | H78: =G78/G$40 -> 0.88577407
A80: 1.3. Vale Transporte
A81: Discriminação | C81: Unidade | D81: Quantidade | E81: Custo unitário | F81: Subtotal | G81: Total (R$) | H81: R$/Km
A82: Vale Transporte | C82: R$ | D82: 1 | E82: 4.55
A83: Dias Trabalhados por mês | C83: dia | D83: =E41 -> 20
A84: Monitor (Valor líquido, descontado 6,00% s/piso sal.) | C84: vale | D84: =$D$83*2*(F31) -> 40 | E84: =IF(E82=0,"",IFERROR((($D$83*2*$E$82)-(F52*0.06*D83/20))/($D$83*2),"-")) -> 2.804 | F84: =IFERROR(D84*E84,"-") -> 112.16
A85: Motorista (Vlr líq. desc. 6,% s/piso sal.) | C85: vale | D85: =$D$83*2*(F30) -> 40 | E85: =IF(E82=0,"",IFERROR((($D$83*2*$E$82)-(F67*0.06*D83/20))/($D$83*2),"-")) -> 1.829 | F85: =IFERROR(D85*E85,"-") -> 73.16
E86: Fator de utilização | F86: =$C$44 -> 0.5 | G86: =SUM(F82:F85)*F86 -> 92.66 | H86: =G86/G$40 -> 0.068132353
A88: 1.4. Vale-refeição (diário)
A89: Discriminação | C89: Unidade | D89: Quantidade | E89: Custo unitário | F89: Subtotal | G89: Total (R$) | H89: R$/Km
A90: Monitor | C90: unidade | D90: =D83*(F31) -> 20 | E90: 22 | F90: =D90*E90 -> 440
A91: Motorista | C91: unidade | D91: =D83*(F30) -> 20 | E91: 22 | F91: =D91*E91 -> 440
E92: Fator de utilização | F92: =$C$44 -> 0.5 | G92: =SUM(F90:F91)*F92 -> 440 | H92: =G92/G$40 -> 0.32352941
A94: Custo Mensal com Mão-de-obra (R$/mês) - LUCRO REAL E PRESUMIDO | G94: =SUM(G52:G93)-G63-G78 -> 3097.1647 | H94: =G94/G$40 -> 2.277327
A95: Custo Mensal com Mão-de-obra (R$/mês) - SIMPLES NACIONAL | G95: =SUM(G52:G93)-G57-G72 -> 2510.3093 | H95: =G95/G$40 -> 1.8458157
A97: 2. Veículos
A98: 2.1 Depreciação
A99: Discriminação | C99: Unidade | D99: Quantidade | E99: Custo unitário | F99: Subtotal | G99: Total (R$) | H99: R$/Km
A100: Custo de aquisição do veículo | C100: unidade | D100: 1 | E100: =G35 -> 198000 | F100: =D100*E100 -> 198000
A101: Vida útil do veícuo | C101: anos | D101: =C35 -> 5
A102: Depreciação do veículo | C102: % | D102: 60 | E102: =F100 -> 198000 | F102: =D102*E102/100 -> 118800
A103: Depreciação mensal veículos | C103: mês | D103: =D101*12 -> 60 | E103: =F102 -> 118800 | F103: =IFERROR(E103/D103,0) -> 1980
A104: Total da frota | C104: unidade | D104: =F35 -> 1 | E104: =F103 -> 1980 | F104: =D104*E104 -> 1980
E105: Fator de utilização | F105: =$C$44 -> 0.5 | G105: =F104*F105 -> 990 | H105: =G105/G$40 -> 0.72794118
A106: 2.2 Remuneração do Capital
A107: Discriminação | C107: Unidade | D107: Quantidade | E107: Custo unitário | F107: Subtotal | G107: Total (R$) | H107: R$/Km
A108: Custo do veículo | C108: unidade | D108: 1 | E108: =E100 -> 198000 | F108: =D108*E108 -> 198000
A109: Taxa de juros anual nominal | C109: % | D109: 2
A110: Valor do veículo proposto (Vo) | C110: R$ | D110: =F108 -> 198000
A111: Valor residual do veículo proposto (Vr) | D111: =F100-F102 -> 79200
A112: Investimento médio total do veículo | C112: R$ | D112: =(D110-D111)*((D101+1)/(2*D101))+D111 -> 150480
A113: Remuneração mensal de capital do veículo | C113: R$ | E113: =D109*D112/12/100 -> 250.8 | F113: =E113 -> 250.8
...

Sheet Enc. Soc. - LR-LP e SN
A1: Composição dos Encargos Sociais
A2: Empresas Lucro Real e Lucro Presumido
A3: Código | B3: Descrição | C3: Valor % | D3: Bases legais e metodologia TCE-RS orientação técnica resíduos sólidos 2019
A4: A1 | B4: INSS | C4: 0.2 | D4: artigo 22 inciso I da lei 8.212-1991
A5: A2 | B5: SESI | C5: 0.015 | D5: artigo 30 da lei 8.036-1990 e artigo primeiro da lei 8.154-1990
A6: A3 | B6: SENAI | C6: 0.01 | D6: artigo primeiro decreto lei 6.246-1944 (SENAC) e artigo 4o. Decreto lei 8.621-1946 (SENAI) - decreto lei 2.318-1986
A7: A4 | B7: INCRA | C7: 0.002 | D7: artigo primeiro inciso I e artigo terceiro do decreto lei 1.146-1970
A8: A5 | B8: SEBRAE | C8: 0.006 | D8: artigo 8o. Da lei 8.029 de 1990, alterado pela lei 8.154-1990
A9: A6 | B9: Salário educação | C9: 0.025 | D9: artigo terceiro indico I do decreto 87.043-1982
A10: A7 | B10: Seguro contra acidentes de trabalho | C10: 0.03 | D10: artigo 19 a 23 da lei 8.212-1991
A11: A8 | B11: FGTS | C11: 0.08 | D11: de acordo com a atividade preponderante da empresa-artigo 15 da lei 8.036-1990
A12: A | B12: SOMA GRUPO A | C12: =SUM(C4:C11) -> 0.368
A14: B1 | B14: Férias gozadas | C14: 0.0657 | D14: cálculo (1/12)acrescido de 1/3 recomendao TCE-RS
A15: B2 | B15: 13º salário | C15: 0.0833 | D15: cálculo 1/12
A16: B3 | B16: Licença Paternidade | C16: 0.0006 | D16: definido pela incidência nessa atividade - Ministério do Trabalho
A17: B4 | B17: Faltas justificadas | C17: 0.0082 | D17: definido pela incidência nessa atividade - Ministério do Trabalho
A18: B5 | B18: Auxilio acidente de trabalho | C18: 0.0031 | D18: definido pela incidência nessa atividade - Ministério do Trabalho
A19: B6 | B19: Auxílio Doença | C19: 0.0166 | D19: definido pela incidência nessa atividade - Ministério do Trabalho
A20: B | B20: SOMA GRUPO B | C20: =SUM(C14:C19) -> 0.1775
A22: C1 | B22: Aviso prévio indenizado | C22: 0.029 | D22: cálculo 7 dias para 30 dias
A23: C2 | B23: Depósito rescisão sem justa causa | C23: 0.0315 | D23: percentual de 40% sobre o deposito de FGTS
A24: C3 | B24: Férias Indenizadas | C24: 0.0454 | D24: somando 6,57 mais 4,54 igual 11,11 = 8,33 + 2,78
A25: C4 | B25: Férias Indenizadas s/ aviso prévio indenizado | C25: 0.0013
A26: C5 | B26: Indenização adicional | C26: 0.002
A27: C | B27: SOMA GRUPO C | C27: =SUM(C22:C26) -> 0.1092
A29: D1 | B29: Reincidência de Grupo A sobre Grupo B | C29: =ROUND(C12*C20,4) -> 0.0653 | D29: corresponde a multa do FGTS de 40%
A30: D2 | B30: Reincidência de FGTS sobre aviso prévio indenizado | C30: =ROUND((C22*C11),4) -> 0.0023
A31: D | B31: SOMA GRUPO D | C31: =SUM(C29:C30) -> 0.0676
B32: SOMA (A+B+C+D) | C32: =C31+C27+C20+C12 -> 0.7223
A34: Composição dos Encargos Sociais
A35: Empresas do Simples Nacional
A36: Item | B36: Descrição | C36: Valor %
A37: 1 | B37: FGTS | C37: 0.08
A38: 2 | B38: Férias (com adicional de férias) | C38: 0.1111
A39: 3 | B39: 13º Salário | C39: 0.0833
A40: 4 | B40: Provisão Multas FGTS (40% s/FGTS) | C40: 0.032
A41: 5 | B41: Previdenciários s/Férias e 13º | C41: =(C38+C39)*(C37+C40) -> 0.0217728
A42: Total | C42: =SUM(C37:C41) -> 0.3281728

Sheet Encargos sociais vigilante
A1: Composição dos Encargos Sociais
A2: Empresas Lucro Real e Lucro Presumido
A3: Código | B3: Descrição | C3: Valor % | D3: Bases legais em 2025 e metodologia
A4: A1 | B4: INSS | C4: 0.2 | D4: artigo segundo , parágrafo 3o. Da Lei 11457-2007
A5: A2 | B5: SESC | C5: 0.015 | D5: artigo 30 da lei 8.036-1990
A6: A3 | B6: SENAC | C6: 0.01 | D6: artigo primeiro decreto lei 6.246-1944 (SENAC) e artigo 4o. Decreto lei 8.621-1946 (SENAI)
A7: A4 | B7: INCRA | C7: 0.002 | D7: artigo primeiro inciso I e artigo terceiro do decreto lei 1.146-1970
A8: A5 | B8: SEBRAE | C8: 0.006 | D8: artigo 8o. Da lei 8.029 de 1990
A9: A6 | B9: Salário educação | C9: 0.025 | D9: artigo terceiro indico I do decreto 87.043-1982
A10: A7 | B10: SAT | C10: 0.03 | D10: artigo 19 e 23 da lei 8.213-1991
A11: A8 | B11: RAT (médio do segmento) | C11: 0.018 | D11: artigo 19 e 23 da lei 8.213-1991
A12: A9 | B12: FGTS | C12: 0.08 | D12: artigo 15 da lei 8.036-1990
A13: A | B13: SOMA GRUPO A | C13: =SUM(C4:C12) -> 0.386
A15: B1 | B15: Férias + Adiconal de Férias | C15: 0.1111 | D15: cálculo (1/12)crescido de 1/3
A16: B2 | B16: 13º salário | C16: 0.0833 | D16: cálculo 1/12
A17: B3 | B17: Licença Paternidade / Maternidade | C17: 0.0241 | D17: definido pela incidência nessa atividade - Ministério do Trabalho
A18: B4 | B18: Faltas justificadas | C18: 0.0128 | D18: definido pela incidência nessa atividade - Ministério do Trabalho
A19: B5 | B19: Auxilio acidente de trabalho - ausência por doença | C19: 0.036 | D19: definido pela incidência nessa atividade - Ministério do Trabalho
A20: B | B20: SOMA GRUPO B | C20: =SUM(C15:C19) -> 0.2673
A22: C1 | B22: Aviso prévio indenizado | C22: 0.0264
A23: C2 | B23: Aviso prévio trabalhado | C23: 0.0319 | D23: cálculo 7 dias para 30 dias - definido na cct 3,19%
A24: C3 | B24: Depósito rescisão sem justa causa | C24: 0.04 | D24: corresponde a multa do FGTS de 40%
A25: C | B25: SOMA GRUPO C | C25: =SUM(C22:C24) -> 0.0983
A27: D1 | B27: Reincidência de Grupo A sobre Grupo B | C27: =ROUND(C13*C20,4) -> 0.1032
A28: D2 | B28: Reincidência do grupo A sobre Aviso Prévio Trabalhado | C28: =C23*C20 -> 0.00852687
A29: D3 | B29: Reincidência de FGTS sobre aviso prévio indenizado | C29: =ROUND(((C22+C23)*C12),4) -> 0.0047
A30: D | B30: SOMA GRUPO D | C30: =SUM(C27:C29) -> 0.11642687
B31: SOMA (A+B+C+D) | C31: =C30+C25+C20+C13 -> 0.86802687
A33: Composição dos Encargos Sociais
A34: Empresas do Simples Nacional
A35: Item | B35: Descrição | C35: Valor %
A36: 1 | B36: INSS | C36: 0.2
A37: 2 | B37: FGTS | C37: 0.08
A38: 3 | B38: Férias (com adicional de férias) | C38: 0.1111
A39: 4 | B39: 13º Salário | C39: 0.0833
A40: 5 | B40: Licença Paternidade / Maternidade | C40: 0.0241
A41: 6 | B41: Faltas justificadas | C41: 0.0128
A42: 7 | B42: Auxilio acidente de trabalho - ausência por doença | C42: 0.036
A43: 8 | B43: Aviso prévio indenizado | C43: 0.0264
A44: 9 | B44: Aviso prévio trabalhado | C44: 0.0319
A45: 10 | B45: Provisão Multas FGTS (40% s/FGTS) | C45: 0.04
A46: 11 | B46: RAT (média do segmento) | C46: 0.018
A47: 12 | B47: Previdenciários s/Férias ,13º Salário, Licença, Faltas, auxilio acidente | C47: =(C38+C39+C40+C41+C42)*(C36+C37+C46) -> 0.0796554
A48: Total | C48: =SUM(C36:C47) -> 0.7432554

Sheet BDI
A1: B.D.I. PARA EMPRESAS DO LUCRO REAL
A2: Composição BDI - Benefícios e Desp. Indiretas
A3: Descrição | B3: Sigla | C3: Municipal (%)
A4: Administração Central | B4: AC | C4: 0.05
A5: Seguros/Riscos/Garantias | B5: SRG | C5: 0.013
A6: Lucro | B6: L | C6: 0.1
A7: Tributos - (ISS p/Municipal) | B7: T | C7: 0.03
A8: Tributos - PIS/COFINS | C8: 0.0925
A9: Fórmula para o cálculo do BDI:
A10: {[(1+AC+SRG) x (1+L)] / (1-T)} -1
A11: Resultado do cálculo do BDI: | C11: =ROUND((((1+C4+C5)*(1+C6))/(1-(C7+C8))-1),4) -> 0.3325
A14: B.D.I. PARA EMPRESAS DO LUCRO PRESUMIDO
A15: Composição BDI - Benefícios e Desp. Indiretas
A16: Descrição | B16: Sigla | C16: Municipal (%)
A17: Administração Central | B17: AC | C17: 0.05
A18: Seguros/Riscos/Garantias | B18: SRG | C18: 0.013
A19: Lucro | B19: L | C19: 0.1
A20: Tributos - (ISS p/Municipal) e (ICMS p/Interm.) | B20: T | C20: 0.03
A21: Tributos - PIS/COFINS | C21: 0.0365
A22: Fórmula para o cálculo do BDI:
A23: {[(1+AC+SRG) x (1+L)] / (1-T)} -1
A24: Resultado do cálculo do BDI: | C24: =ROUND((((1+C17+C18)*(1+C19))/(1-(C20+C21))-1),4) -> 0.2526
A27: B.D.I. PARA EMPRESAS DO SIMPLES NACIONAL
A28: Composição do BDI - Benefícios e Desp. Ind. - Sem Impostos
A29: Descrição | B29: Sigla | C29: Municipal (%)
A30: Administração Central | B30: AC | C30: 0.05
A31: Seguros/Riscos/Garantias | B31: SRG | C31: 0.013
A32: Lucro | B32: L | C32: 0.1
A33: Fórmula para o cálculo do BDI - Sem impostos
A34: {[(1+AC+SRG) x (1+L)]} -1
A35: Resultado cálculo do BDI - Sem impostos | C35: =ROUND((((1+C30+C31)*(1+C32))-1),4) -> 0.1693
